 Dungeon Crawl Stone Soup version 0.25.1-9-gc5326a611f (webtiles) character file.

Game seed: 11679602372706357269

169 RETERIOR the Shield-Bearer (level 5, -6/46 HPs)
             Began as a Minotaur Fighter on Jan 2, 2021.
             Mangled by Sigmund
             ... wielding a +0 scythe
              (7 damage)
             ... on level 3 of the Dungeon.
             The game lasted 00:18:38 (2706 turns).

RETERIOR the Shield-Bearer (Minotaur Fighter)       Turns: 2706, Time: 00:18:39

Health: -6/46      AC:  9    Str: 22    XL:     5   Next: 25%
Magic:  4/4        EV:  6    Int:  5    God:
Gold:   142        SH:  9    Dex:  9    Spells: 4/4 levels left

rFire    . . .     SeeInvis .   a - +0 flail
rCold    . . .     Gourm    .   c - +0 kite shield
rNeg     . . .     Faith    .   J - +0 chain mail
rPois    .         Spirit   .   (helmet restricted)
rElec    .         Reflect  .   (no cloak)
rCorr    .         Harm     .   (no gloves)
MR       .....                  (no boots)
Stlth    ..........             (no amulet)
HPRegen  0.15/turn              (no ring)
MPRegen  0.09/turn              (no ring)

@: no status effects
A: retaliatory headbutt, horns 2
a: no special abilities


You were on level 3 of the Dungeon.
You were not hungry.

You visited 1 branch of the dungeon, and saw 3 of its levels.

You collected 142 gold pieces.

Inventory:

Hand Weapons
 a - a +0 flail (weapon)
 g - a +0 short sword
 j - a +0 club
 k - a +0 short sword
 l - a +0 club
 p - a cursed -1 dagger
 r - a +0 spear
 v - a +0 dagger
 B - a +0 club
 C - a +4 dagger
 F - a +1 dagger of holy wrath
 G - a +0 hunting sling
 H - a +0 club
 I - a +1 falchion of holy wrath
Missiles
 e - 21 bolts
 m - 111 stones (quivered)
 x - 25 poisoned darts
 y - 31 arrows
Armour
 b - a +0 scale mail
 c - a +0 kite shield (worn)
 o - a +0 scale mail
 z - a +0 leather armour
 A - a +0 robe
 E - a +0 plate armour
 J - a +0 chain mail (worn)
Scrolls
 h - 8 scrolls of remove curse
 i - 2 scrolls of amnesia
 q - 2 scrolls of identify
 t - 2 scrolls of teleportation
 D - a scroll of fear
Potions
 d - a potion of might
 u - a potion of heal wounds {unknown}
 w - a potion of lignification {unknown}
 K - a potion of invisibility {unknown}
 L - a potion of berserk rage {unknown}
Comestibles
 f - 7 rations
 n - 2 chunks of flesh


   Skills:
 + Level 4.1 Fighting
 + Level 4.0 Maces & Flails
 + Level 4.7 Armour
 + Level 1.3 Dodging
 + Level 0.2 Stealth
 + Level 4.8 Shields


You had 4 spell levels left.
You didn't know any spells.
Your spell library was empty.

Dungeon Overview and Level Annotations

Branches:
Dungeon (3/15)

Altars:

Annotations:
D:3 Sigmund


Innate Abilities, Weirdness & Mutations

You reflexively headbutt those who attack you in melee.
You have a pair of horns on your head.


Message History

A magic dart appears from out of thin air!
The magic dart hits you!
* * * LOW HITPOINT WARNING * * *
You block something's attack.
Sigmund appears from thin air!
Reactivating autopickup.
Sigmund barely misses you. Sigmund casts a spell at you.
The puff of flame hits you.
* * * LOW HITPOINT WARNING * * *
Sigmund gestures at you while chanting. The puff of flame misses you.
Sigmund barely misses you.
Some of the chunks of flesh in your inventory have rotted away.
Sigmund hits you with a +0 scythe.
* * * LOW HITPOINT WARNING * * *
You hit Sigmund but do no damage.
Sigmund is almost dead.
Sigmund hits you with a +0 scythe!
You die...

.####.......#..............#
....#....#..#.......#......#
###.#....##...##...........#
#......##...##.#.........#
##.##.###..###.####......#
#.....###).##.# #......####
###.#..รท.#.##.# #......[..#
#.####...##@# #.........# #
###.#####....@## #.........# #
##.....####.#)..###.........#
###.......###...#..##.........#
##.........####.#.[############
...........# #.#..##
##.........# #.#...#####
#.........# #...#.....#
#.........# ##........#
#.........# #...##...#


You could see Sigmund.

Vanquished Creatures
  Terence (D:2)
  A gnoll (D:1)
  4 adders
  6 worms
  3 dart slugs (D:1)
  3 leopard geckos
  4 giant cockroaches
  8 goblins
  5 hobgoblins
  4 quokkas
  6 ball pythons
  8 bats
  2 frilled lizards
  11 kobolds
  3 rats
69 creatures vanquished.

Notes
Turn   | Place    | Note
-------+----------+-------------------------------------------
     0 | D:1      | RETERIOR the Minotaur Fighter began the quest for the Orb.
     0 | D:1      | Reached XP level 1. HP: 19/19 MP: 0/0
   174 | D:1      | Reached XP level 2. HP: 15/27 MP: 1/1
   717 | D:1      | Reached XP level 3. HP: 31/33 MP: 2/2
  1436 | D:2      | Reached XP level 4. HP: 39/40 MP: 3/3
  1505 | D:2      | Noticed Terence
  1518 | D:2      | Killed Terence
  1524 | D:2      | Reached skill level 1 in Dodging
  2000 | D:3      | Reached XP level 5. HP: 30/46 MP: 4/4
  2646 | D:3      | Noticed Sigmund
  2705 | D:3      | HP: 1/46 [Sigmund/+0 scythe (4)]
  2706 | D:3      | Mangled by Sigmund

Illustrated notes

Levels and vault maps discovered:
D:1:      erik_arrival_cave_to_civilisation [erik_arrival_cave_to_hall],
          layout_basic
D:2:      layout_loops_cross, uniq_terence
D:3:      layout_rooms, minmay_shallow_snake_nest, uniq_sigmund

Skill      XL: |  1  2  3  4  5 |
---------------+----------------+-----
Shields        | 4 |  4.8
Armour         | 4 |  4.7
Maces & Flails | 3 4 |  4.0
Dodging        | 1 |  1.3
Fighting       | 4 |  4.1
Stealth        | |  0.2

Action                   |  1- 3 |  4- 6 || total
-------------------------+-------+-------++-------
Melee: Flail             |    89 |   119 ||   208
       Headbutt          |    14 |    22 ||    36
  Use: Scroll            |     7 |     2 ||     9
       Potion            |       |     4 ||     4
  Eat: Ration            |       |     2 ||     2
Armor: Scale mail        |    36 |    13 ||    49
       Chain mail        |       |    65 ||    65
Dodge: Dodged            |    33 |    46 ||    79
Block: Kite shield       |    51 |    79 ||   130
